 Dungeon Crawl Stone Soup version 0.29-a0-231-g945431f764 (webtiles) character file.

Game seed: 4108166406113512788

25365 Hasart the Archer (level 12, -1/103 HPs)
             Began as a Demigod Hunter on Feb 28, 2022.
             Slain by a six-headed hydra (11 damage)
             ... on level 11 of the Dungeon.
             The game lasted 00:40:01 (17156 turns).

Hasart the Archer (Demigod Hunter)                 Turns: 17156, Time: 00:40:02

Health: -1/103     AC: 15    Str: 13    XL:     12   Next: 53%
Magic:  0/15       EV: 18    Int: 13    God:
Gold:   421        SH:  0    Dex: 36    Spells: 11/11 levels left

rFire   . . .      SeeInvis .   u - +2 shortbow (vorpal)
rCold   + . .      Faith    .   (shield currently unavailable)
rNeg    . . .      Spirit   +   v - +3 scale mail {rC+}
rPois   .          Reflect  .   (no helmet)
rElec   .          Harm     .   j - +0 cloak
rCorr   .          Rampage  .   (no gloves)
Will    +....                   n - +0 pair of boots
Stlth   ++++......              g - amulet of guardian spirit
HPRegen 0.27/turn               k - +6 ring of dexterity
MPRegen 0.14/turn               r - +4 ring of protection

@: no status effects
A: high MP 1, forlorn, divine attributes
a: no special abilities


You were on level 11 of the Dungeon.
You visited 2 branches of the dungeon, and saw 12 of its levels.
You also visited: Ice Cave.

You collected 691 gold pieces.
You spent 270 gold pieces at shops.

Inventory:

Hand Weapons
 a - a +1 vorpal shortbow
 u - a +2 vorpal shortbow (weapon)
Armour
 b - a +0 leather armour
 j - a +0 cloak (worn)
 n - a +0 pair of boots (worn)
 v - a +3 scale mail of cold resistance (worn)
 E - +2 swamp dragon scales
 G - the +0 ring mail of the Old and Reckless {+Inv rElec Regen+}
   (You found it on level 8 of the Dungeon)

   rElec:     It insulates you from electricity.
   +Inv:      It lets you turn invisible.
   Regen:     It increases your rate of health regeneration.
 N - a +1 robe of willpower
Jewellery
 g - an amulet of guardian spirit (around neck)
 i - a +6 ring of dexterity
 k - a +6 ring of dexterity (left hand)
 r - a +4 ring of protection (right hand)
 s - a ring of see invisible
 t - a ring of resist corrosion
Wands
 o - a wand of iceblast (5)
 B - a wand of polymorph (6)
 K - a wand of charming (4)
 O - a wand of acid (2)
Scrolls
 c - 3 scrolls of amnesia
 d - 2 scrolls of fear
 e - 7 scrolls of teleportation
 f - 3 scrolls of blinking
 m - 8 scrolls of enchant weapon
 y - 4 scrolls of magic mapping
 A - a scroll of summoning
 L - 2 scrolls of fog
Potions
 l - 4 potions of heal wounds
 p - a potion of cancellation
 q - a potion of ambrosia
 w - 4 potions of resistance
 x - 2 potions of flight
 z - 4 potions of curing
 D - a potion of might {unknown}
 J - a potion of brilliance {unknown}
 M - a potion of invisibility
 P - a potion of mutation {unknown}
Miscellaneous
 h - a condenser vane
 H - a phial of floods
 I - a lightning rod (4/4)


   Skills:
 + Level 8.7 Fighting
 * Level 12.6 Bows
 + Level 8.8 Dodging
 + Level 9.3 Stealth
 - Level 7.0 Evocations


You had 11 spell levels left.
You didn't know any spells.
Your spell library contained the following spells:

 Spells                   Type           Power      Damage    Failure   Level
 Beastly Appendage        Tmut           0%         N/A       83%         1
 Pain                     Necr           0%         1d4       83%         1
 Scorch                   Fire           0%         2d5       93%         2
 Wereblood                Tmut           0%         N/A       93%         2
 Spider Form              Tmut/Pois      0%         N/A       99%         3
 Airstrike                Air            0%         N/A       100%        4
 Animate Dead             Necr           0%         N/A       100%        4
 Flame Wave               Conj/Fire      0%         2d4       100%        4
 Passage of Golubria      Tloc           0%         N/A       100%        4
 Summon Lightning Spire   Summ/Air       0%         N/A       100%        4
 Agony                    Necr           0%         N/A       100%        5
 Excruciating Wounds      Necr           0%         N/A       100%        5
 Lightning Bolt           Conj/Air       0%         1d11      100%        5
 Silence                  Hex/Air        0%         N/A       100%        5
 Conjure Ball Lightning   Conj/Air       0%         3x3d6     100%        6
 Summon Cactus Giant      Summ           0%         N/A       100%        6
 Haunt                    Necr/Summ      0%         N/A       100%        7
 Discord                  Hex            0%         N/A       100%        8
 Disjunction              Tloc           0%         N/A       100%        8
 Infestation              Necr           0%         N/A       100%        8
 Lehudib's Crystal Spear  Conj/Erth      0%         10d2      100%        8


Dungeon Overview and Level Annotations

Branches:
Dungeon (11/15)            Temple (0/1) D:7            Lair (0/6) D:9
    Orc (1/2) D:10          IceCv (visited)

Shops:
D:2 *   D:3 *   D:4 ?   D:6 =   D:11 =

Annotations:
D:7 Harold
D:9 5 runed translucent doors
D:11 3 runed translucent doors


Innate Abilities, Weirdness & Mutations

You have an increased reservoir of magic. (+10% MP)
You shall have no god before yourself.
Your divine heritage dramatically boosts your attributes as you level up.


Message History

The six-headed hydra barely misses you.
The six-headed hydra bites you but does no damage.
The six-headed hydra completely misses you.
The six-headed hydra barely misses you. The six-headed hydra bites you.
The six-headed hydra closely misses you.
Shoot: u) +2 shortbow (vorpal)
Press: ? - help, Q - select action, (/) - cycle Shift-Dir - straight line, f/p - six-headed hydra
Aim: a six-headed hydra (heavily wounded, 87% to hit)
You shoot an arrow. The arrow hits the six-headed hydra.
The six-headed hydra is severely wounded.
The six-headed hydra bites you. The six-headed hydra bites you! x2
The six-headed hydra bites you.
The six-headed hydra bites you but does no damage.
The six-headed hydra bites you.
Unknown command.
Unknown command.
Shoot: u) +2 shortbow (vorpal)
Press: ? - help, Q - select action, (/) - cycle Shift-Dir - straight line, f/p - six-headed hydra
Aim: a six-headed hydra (severely wounded, 87% to hit)
You shoot an arrow. The arrow hits the six-headed hydra.
The six-headed hydra is severely wounded.
The six-headed hydra misses you. The six-headed hydra bites you!
* * * LOW HITPOINT WARNING * * *
The six-headed hydra bites you.
* * * LOW HITPOINT WARNING * * *
The six-headed hydra bites you but does no damage.
The six-headed hydra bites you.
* * * LOW HITPOINT WARNING * * *
The six-headed hydra bites you but does no damage.
Shoot: u) +2 shortbow (vorpal)
Press: ? - help, Q - select action, (/) - cycle Shift-Dir - straight line, f/p - six-headed hydra
Aim: a six-headed hydra (severely wounded, 87% to hit)
You shoot an arrow. The arrow hits the six-headed hydra!
The six-headed hydra is almost dead.
The six-headed hydra barely misses you. The six-headed hydra bites you!
* * * LOW HITPOINT WARNING * * *
The six-headed hydra bites you!
* * * LOW HITPOINT WARNING * * *
The six-headed hydra bites you!
You die...

#.....D#.....#
...........
#......+.....#
.........#.
#......#.....#
........#.#
#.....?#.....#
.......#...
.............#####
........#.#
.#########.......#
..#####..#. #..V#.).....#
+........ #.#l#....D..#
#.......>
#H+.####@.#######........
#...+..
#.................
....+..
#..†..............
#.##.#..
+.....##########.. ..
..#. #.....# #.. ###
#.....# .. #.......# #
.........# +#.
........... ....


You could see a six-headed hydra, a vampire and a wyvern.

Vanquished Creatures
  Snorg (D:11)
  A hydra (D:8)
  6 two-headed ogres
  Nergalle (D:10)
  Pikel (D:4)
  A deep elf pyromancer (D:8)
  An ugly thing (D:7)
  3 manticores
  A cyclops (D:7)
  2 ice statues (IceCv)
  2 komodo dragons (D:9)
  3 entropy weaver simulacra (IceCv)
  An anaconda simulacrum (IceCv)
  An efreet (D:8)
  7 ice devils (IceCv)
  A troll (D:9)
  A freezing wraith (D:6)
  A slime creature (D:7)
  3 shadows
  A vampire (D:8)
  3 dire elephant simulacra (IceCv)
  A wraith (D:10)
  4 steam dragons
  16 yaks
  Eustachio (D:4)
  Grum (D:8)
  A warg (D:10)
  4 vampire mosquitoes (D:11)
  Menkaure (D:4)
  3 harpy simulacra (IceCv)
  2 acid dragons
  3 water moccasins
  6 orc warriors
  An ice beast (D:6)
  2 sky beasts
  4 black bears
  6 centaurs
  2 wolves (D:6)
  4 ogres
  2 phantoms
  A lemure (D:4)
  4 kobold brigands
  8 bullfrogs
  4 scorpions
  A two-headed ogre simulacrum (IceCv)
  13 wights
  An electric eel (D:7)
  2 howler monkeys
  3 hounds
  3 jellies
  5 orc priests
  Crazy Yiuf (D:7)
  Ijyb (D:3)
  4 iguanas
  15 orc wizards
  3 troll simulacra (IceCv)
  9 adders
  3 shadow imps
  3 white imps
  2 ufetubi
  A worm (D:3)
  2 dart slugs
  25 orcs
  5 ball pythons
  4 endoplasms
  3 giant cockroaches
  4 hobgoblins
  4 jackals (D:1)
  3 quokkas
  5 bats
  3 frilled lizards (D:1)
  3 goblins
  16 kobolds
  4 rats (D:1)
274 creatures vanquished.

Vanquished Creatures (collateral kills)
  A reaper (IceCv)
  A boulder beetle (D:6)
2 creatures vanquished.

Vanquished Creatures (others)
  A kobold (D:1)
  12 fungi (D:9)
  11 plants
24 creatures vanquished.

Grand Total: 300 creatures vanquished

Notes
Turn   | Place    | Note
-------+----------+-------------------------------------------
     0 | D:1      | Hasart the Demigod Hunter began the quest for the Orb.
     0 | D:1      | Reached XP level 1. HP: 17/17 MP: 3/3
   135 | D:1      | Reached skill level 1 in Stealth
   337 | D:1      | Reached XP level 2. HP: 24/24 MP: 4/4
   762 | D:1      | Reached skill level 4 in Bows
   850 | D:2      | Reached XP level 3. HP: 24/29 MP: 5/5
  1111 | D:2      | Found Edear's General Store.
  2095 | D:3      | Found Fylant's Assorted Antiques.
  2105 | D:3      | Bought a scroll labelled UNONIL HIXZUSE for 20 gold pieces
  2105 | D:3      | Bought an emerald ring for 100 gold pieces
  2105 | D:3      | Bought a scroll labelled TUROTWOIHE for 20 gold pieces
  2148 | D:3      | Reached XP level 4. HP: 34/37 MP: 6/6
  2187 | D:3      | Reached skill level 1 in Evocations
  2350 | D:3      | Noticed Ijyb
  2350 | D:3      | Paralysed by Ijyb for 5 turns
  2365 | D:3      | Killed Ijyb
  2366 | D:3      | Reached XP level 5. HP: 34/42 MP: 5/7
  2847 | D:4      | Noticed Eustachio
  2856 | D:4      | Killed Eustachio
  2857 | D:4      | Reached skill level 5 in Bows
  2857 | D:4      | Reached XP level 6. HP: 48/51 MP: 8/8
  2967 | D:4      | Found Zeluvat's Magic Scroll Shoppe.
  2976 | D:4      | Bought a scroll of blinking for 75 gold pieces
  2976 | D:4      | Bought a scroll of magic mapping for 35 gold pieces
  2976 | D:4      | Bought a scroll of identify for 20 gold pieces
  3158 | D:4      | Noticed Menkaure
  3163 | D:4      | Killed Menkaure
  3374 | D:4      | Noticed Pikel
  3388 | D:4      | Killed Pikel
  3389 | D:4      | Reached skill level 6 in Bows
  3389 | D:4      | Reached XP level 7. HP: 42/58 MP: 6/9
  3797 | D:5      | Entered Level 5 of the Dungeon
  3902 | D:5      | Reached XP level 8. HP: 66/66 MP: 10/10
  4419 | D:6      | Reached skill level 7 in Bows
  4868 | D:6      | Found Quneon's Jewellery Boutique.
  5212 | D:7      | Noticed Harold
  5340 | D:7      | Noticed a freezing wraith
  5677 | D:7      | Found a staircase to the Ecumenical Temple.
  5694 | D:7      | Reached skill level 5 in Dodging
  5694 | D:7      | Reached XP level 9. HP: 73/73 MP: 11/11
  5725 | D:7      | Found a runed translucent door.
  5726 | D:7      | Noticed Crazy Yiuf
  5780 | D:7      | Reached skill level 5 in Fighting
  5780 | D:7      | Reached skill level 5 in Stealth
  6294 | D:7      | Noticed a two-headed ogre
  6447 | D:8      | Noticed a four-headed hydra
  6455 | D:7      | Reached skill level 8 in Bows
  6781 | D:7      | Killed a two-headed ogre
  6962 | D:8      | Noticed a deep elf pyromancer
  7279 | D:7      | Noticed a boulder beetle
  7279 | D:7      | Noticed a manticore
  7294 | D:6      | Reached skill level 5 in Evocations
  7311 | D:6      | Killed a boulder beetle
  7781 | D:7      | Killed Crazy Yiuf
  7814 | D:8      | Reached skill level 9 in Bows
  7814 | D:8      | Reached XP level 10. HP: 70/83 MP: 10/13
  7877 | D:8      | Killed a deep elf pyromancer
  7946 | D:8      | Noticed a two-headed ogre
  7957 | D:8      | Killed a two-headed ogre
  8031 | D:8      | Noticed a manticore
  8039 | D:8      | Killed a manticore
  8061 | D:8      | Noticed a two-headed ogre
  8069 | D:8      | Killed a two-headed ogre
  8069 | D:8      | Noticed Grum
  9102 | D:7      | Reached skill level 10 in Bows
  9103 | D:7      | Noticed a skeletal warrior
  9392 | D:8      | Noticed a two-headed ogre
  9399 | D:8      | Killed a two-headed ogre
  9723 | D:8      | Reached XP level 11. HP: 91/91 MP: 14/14
  9866 | D:8      | Identified the +0 ring mail of the Old and Reckless {+Inv
                  | rElec Regen+}
  9930 | D:8      | Killed Grum
  9950 | D:8      | Killed a four-headed hydra
 10530 | D:9      | Found the +9 staff of Olgreb {rPois∞}
 10557 | D:9      | Found a runed translucent door.
 10563 | D:9      | Found a runed translucent gate.
 10565 | D:9      | Found a runed translucent gate.
 10565 | D:9      | Found a runed translucent gate.
 10574 | D:9      | Found a runed translucent door.
 10613 | D:9      | Found a staircase to the Lair.
 10995 | D:7      | Noticed a two-headed ogre
 11753 | D:6      | Killed a two-headed ogre
 11754 | D:6      | Reached skill level 11 in Bows
 12220 | D:10     | Entered Level 10 of the Dungeon
 12266 | D:10     | Found a staircase to the Orcish Mines.
 12614 | D:10     | Noticed Nergalle
 12620 | D:10     | Killed Nergalle
 13227 | Orc:1    | Entered Level 1 of the Orcish Mines
 13235 | Orc:1    | Noticed an orc warlord
 13282 | Orc:1    | Noticed an orc warlord
 13310 | D:10     | Reached XP level 12. HP: 69/101 MP: 7/15
 13436 | D:11     | Found Zaetucoj's Jewellery Shoppe.
 13452 | D:11     | Noticed Snorg
 13465 | D:11     | Killed Snorg
 13561 | D:11     | Found a frozen archway.
 13601 | IceCv    | Entered an ice cave
 13786 | IceCv    | Reached skill level 12 in Bows
 17008 | IceCv    | Noticed a reaper
 17022 | IceCv    | Killed a reaper
 17129 | D:11     | Found a runed translucent gate.
 17130 | D:11     | Found a runed translucent gate.
 17131 | D:11     | Found a runed translucent gate.
 17138 | D:11     | Noticed a six-headed hydra
 17150 | D:11     | Noticed a minotaur
 17156 | D:11     | Slain by a six-headed hydra

Illustrated notes

Levels and vault maps discovered:
D:1:      heliophobic_arrival_dark_side_of_the_moon, layout_basic,
          shapermc_ecumenical_altar_pompeii, eino_curves_02, nrook_campfire,
          chequers_serial_rivers_micro_c
D:2:      layout_rooms, serial_shops, nicolae_shop_behind_doors
D:3:      layout_basic, serial_shops, shop, minivault_27, uniq_ijyb
D:4:      layout_basic, serial_shops, nicolae_shop_statue_plus,
          saegor_snake_ambush, uniq_pikel, uniq_eustachio, uniq_menkaure
D:5:      layout_basic
D:6:      layout_rooms, serial_shops, nicolae_stop_n_shop_2,
          nicolae_figureground_pulse
D:7:      nzn_winding_woodlands_stair_cross
          [nzn_winding_woodlands_5x15_river_crossing,
          nzn_winding_woodlands_center_diamonds,
          nzn_winding_woodlands_5x15_jagged,
          nzn_winding_woodlands_5x5_open_star, nzn_winding_woodlands_hourglass,
          nzn_winding_woodlands_5x15_pool,
          nzn_winding_woodlands_center_pierced_h,
          nzn_winding_woodlands_5x15_pathside_ponds], layout_gridville,
          minmay_temple_entry_statues_pillars, minmay_misc_feat_alley,
          uniq_harold, uniq_crazy_yiuf_cottage
D:8:      minmay_the_grid_square_5x5_3x3
          [minmay_the_grid_square_5x5_sharp_hourglass,
          minmay_the_grid_square_5x5_bite, minmay_the_grid_square_5x5_gyroscope,
          minmay_the_grid_square_5x5_inverted_slash,
          minmay_the_grid_square_5x5_megaprize_open,
          minmay_the_grid_square_5x5_misaligned,
          minmay_the_grid_square_5x5_two_walls_b,
          minmay_the_grid_square_5x5_corner,
          minmay_the_grid_square_5x5_three_small], layout_gridville,
          mainiacjoe_overflow_six_doors_small, uniq_grum
D:9:      layout_rooms, grunt_lair_entry_orc_guard_hut,
          minmay_guarded_unrand_staff_of_olgreb
D:10:     layout_layer_cave, orc_0_dummy, uniq_nergalle
D:11:     layout_irregular_city, maelrawn_ghost_gauntlet_escape,
          portal_ice_cave_entry_pillars_2, nicolae_shop_dragon_depot,
          st_stairs_3, minmay_shop_enchanted_jewellery, doesnt_xom_only_xom,
          uniq_snorg
Orc:1:    layout_caves

Skill      XL: |  1  2  3  4  5  6  7  8  9 10 11 12 |
---------------+-------------------------------------+-----
Stealth        | 1 2 3 4 6 7 8 9 |  9.3
Fighting       | 2 3 4 5 6 8 |  8.7
Dodging        | 2 3 4 5 6 8 |  8.8
Bows           | 4 5 6 7 9 10 11 12 | 12.6
Evocations     | 1 2 3 4 5 6 7 |  7.0

Action                   |  1- 3 |  4- 6 |  7- 9 | 10-12 || total
-------------------------+-------+-------+-------+-------++-------
Melee: Shortbow          |       |       |     1 |       ||     1
 Fire: Shortbow          |   108 |    81 |   275 |   851 ||  1315
Evoke: Wand              |       |       |     4 |    11 ||    15
       Lightning rod     |       |       |       |     5 ||     5
       Phial of floods   |       |       |       |     1 ||     1
  Use: Scroll            |       |       |    14 |     7 ||    21
       Potion            |       |       |     1 |     1 ||     2
Armor: Leather armour    |    11 |     8 |    47 |    30 ||    96
       Ring mail         |       |       |       |    64 ||    64
       Swamp dragon scal |       |       |       |     1 ||     1
       Scale mail        |       |       |       |    87 ||    87
Dodge: Dodged            |    20 |    23 |   122 |   542 ||   707

Table legend: (Time is in decaauts)
 A = Elapsed time spent in this place.
 B = Non-inter-level travel time spent in this place.
 C = Inter-level travel time spent in this place.
 D = Time resting spent in this place.
 E = Time spent auto-exploring this place.
 F = Levels seen in this place.
 G = Mean time per level.
                   A        B        C        D        E       F      G
               +--------+--------+--------+--------+--------+-----+--------+
         Total |  17403 |  16492 |    911 |   6394 |   6296 |  13 | 1338.7 |
       Dungeon |  13874 |  12964 |    910 |   3861 |   6276 |  11 | 1261.3 |
  Orcish Mines |     11 |     11 |      0 |      0 |      0 |   1 |   11.0 |
      Ice Cave |   3518 |   3518 |      0 |   2533 |     20 |   1 | 3518.0 |
               +--------+--------+--------+--------+--------+-----+--------+

Top non-repeatable levels by time:
   IceCv: 3518 daAuts
     D:6: 3454 daAuts
     D:7: 2416 daAuts
     D:4: 1313 daAuts
     D:8: 1250 daAuts
    D:10: 1171 daAuts
     D:3: 963 daAuts
     D:1: 861 daAuts
     D:5: 789 daAuts
     D:2: 745 daAuts
     D:9: 640 daAuts
    D:11: 266 daAuts
   Orc:1: 11 daAuts
